 Dungeon Crawl Stone Soup version 0.29-a0-384-g6960b1960d (webtiles) character file.

Game seed: 11449834730753818423

1043 spaghetti the Cutter (level 8, -13/67 HPs)
             Began as a Gnoll Chaos Knight on May 6, 2022.
             Was a Plaything of Xom.
             Mangled by Menkaure (21 damage)
             ... on level 4 of the Dungeon.
             The game lasted 00:07:28 (3735 turns).

spaghetti the Cutter (Gnoll Chaos Knight)           Turns: 3735, Time: 00:07:30

Health: -13/67     AC:  9    Str: 11    XL:     8   Next: 25%
Magic:  11/11      EV: 12    Int: 14    God:    Xom [...*..]
Gold:   122        SH:  0    Dex: 12    Spells: 9/13 levels left

rFire   . . .      SeeInvis .   m - +5 quarterstaff (chaos) {staff}
rCold   . . .      Faith    .   (shield currently unavailable)
rNeg    . . .      Spirit   .   b - +2 leather armour
rPois   +          Reflect  .   (no helmet)
rElec   .          Harm     .   g - +1 cloak
rCorr   .          Rampage  .   q - +0 pair of gloves
Will    .....                   (no boots)
Stlth   ++........              (no amulet)
HPRegen 0.21/turn               r - ring of poison resistance
MPRegen 0.12/turn               (no ring)

@: unable to read
A: fangs 1, strong nose, distributed training, low MP 1, inability to read while
threatened
a: Renounce Religion


You were on level 4 of the Dungeon.
You worshipped Xom.
You were a favourite toy of Xom.
You visited 1 branch of the dungeon, and saw 4 of its levels.

You collected 122 gold pieces.


Innate Abilities, Weirdness & Mutations

You have very sharp teeth.
Your uncanny sense of smell can sniff out nearby items.
Your experience applies equally to all skills.
Your magical capacity is low. (-10% MP)
You sometimes lose the ability to read scrolls when taking damage.


   Skills:
 + Level 7.3 Fighting
 + Level 7.3 Short Blades
 + Level 3.1 Long Blades
 + Level 3.1 Axes
 + Level 3.1 Maces & Flails
 + Level 3.1 Polearms
 + Level 3.1 Staves
 + Level 3.1 Slings
 + Level 3.1 Bows
 + Level 3.1 Crossbows
 + Level 3.1 Throwing
 + Level 5.6 Armour
 + Level 4.1 Dodging
 + Level 3.1 Stealth
 + Level 3.1 Shields
 + Level 3.1 Unarmed Combat
 + Level 3.1 Spellcasting
 + Level 2.5 Conjurations
 + Level 2.5 Hexes
 + Level 2.5 Summonings
 + Level 2.5 Necromancy
 + Level 2.5 Translocations
 + Level 2.5 Transmutations
 + Level 2.5 Fire Magic
 + Level 2.5 Ice Magic
 + Level 2.5 Air Magic
 + Level 2.5 Earth Magic
 + Level 2.5 Poison Magic
 + Level 3.4 Invocations
 + Level 3.1 Evocations


You had 9 spell levels left.
You knew the following spells:

 Your Spells              Type           Power      Damage    Failure   Level
a - Foxfire               Conj/Fire      36%        2x1d5     10%         1
b - Inner Flame           Hex/Fire       9%         N/A       28%         3

Your spell library contained the following spells:

 Spells                   Type           Power      Damage    Failure   Level
 Slow                     Hex            36%        N/A       10%         1
 Confusing Touch          Hex            9%         N/A       28%         3
 Conjure Flame            Conj/Fire      9%         6-21      28%         3
 Vampiric Draining        Necr           9%         2d6       28%         3
 Flame Wave               Conj/Fire      9%         2d5       67%         4

Inventory:

Hand Weapons
 a - a +0 short sword of chaos {short}
 m - a +5 quarterstaff of chaos (weapon) {staff}
   (You took it off Crazy Yiuf on level 2 of the Dungeon)
Missiles
 e - 65 stones (quivered) {throwing}
 f - 2 boomerangs {throwing}
 j - 2 silver boomerangs {throwing}
 l - 2 javelins {throwing}
Armour
 b - a +2 leather armour (worn)
 g - a +1 cloak (worn)
   (You found it on level 1 of the Dungeon)
 q - a +0 pair of gloves (worn)
   (You found it on level 3 of the Dungeon)
Magical Staves
 w - a staff of cold {!astaff}
   (You found it on level 4 of the Dungeon)
Jewellery
 d - a ring of flight
   (You found it on level 1 of the Dungeon)
 r - a ring of poison resistance (left hand)
   (You found it on level 3 of the Dungeon)
Wands
 o - a wand of iceblast (11)
   (You took it off a goblin on level 3 of the Dungeon)
 t - a wand of polymorph (6)
   (You took it off Duvessa on level 4 of the Dungeon)
Scrolls
 h - 3 scrolls of poison {!r}
 k - a scroll of teleportation {@r4}
 s - a scroll of identify {@r1}
 v - a scroll of immolation {!r!r}
Potions
 i - a potion of magic
Miscellaneous
 c - a piece from Xom's chessboard (13/15)

Dungeon Overview and Level Annotations

Branches:
Dungeon (4/15)             Temple (0/1) D:4

Altars:
Cheibriados
Vehumet

Annotations:
D:3 exclusion: statue
D:4 Menkaure

,***,*.....####..#......#..#####
****,,*##.....##.#............###
,,*,,,........................##.
,,**,,#.#####...#....#.....#.....
*,**,,.##...##.##....#.....#.....
,,,,,,.#$....#..#....##..##......
*,,,,,.#.....#.......#..........#
**,,,,.#...).#.#'#..............#
**,,,,.##...'###@##.............#
,,,,,,,.#####†':.$#..........>...
,*,,*,,...##+###$##..............
**,,*,,..##SS#####......#.#).##.#
**,,,,,..#.:OJ#......####.#....##
,,,**,,..#..=B+.#....†..#.#..)...
,*,***<..##?.##.##........###....
*,,**,,...####..##......#..##)...
**,***,........###.........))....


You could see an ogre, an endoplasm, a giant cockroach and 2 ball pythons.


Message History

You sock the phantom! The phantom barely misses you.
You barely miss the phantom.
The phantom closely misses you. 😕 HP[+1]
You hit the phantom. You bite the phantom, but do no damage.
The phantom barely misses you.
You closely miss the phantom. You bite the phantom, but do no damage.
The phantom hits you but does no damage.
You closely miss the phantom. The phantom misses you.
Menkaure sighs, "Let me perform the rites..."
The phantom hits you but does no damage.
You barely miss the phantom.
The quokka twitches its whiskers.
The phantom hits you but does no damage. 😕 HP[+1]
You sock the phantom! Lightning courses through the phantom!
You destroy the phantom!
You barely miss the hobgoblin.
The hobgoblin hits you but does no damage.
You hit the hobgoblin.
The hobgoblin is poisoned.
The hobgoblin hits you but does no damage.
You hit the hobgoblin.
Lightning courses through the hobgoblin!
You kill the hobgoblin!
The quokka bites you but does no damage. 😕 HP[+1]
You hit the quokka.
You kill the quokka!
The hobgoblin barely misses you.
You hit the hobgoblin.
You kill the hobgoblin!
The worm closely misses you.
There is an open door, spattered with blood here.
You barely miss the worm.
You bite the worm, but do no damage. 😕 HP[+1]
You hit the worm.
The worm flickers and vanishes!
Deactivating autopickup; reactivate with Ctrl-A.
Menkaure blazes with dark energy!
Something bites you! 😕 HP[-7]
You take 7 damage, and now have 59/67 hp.
You sock something!
Nothing appears to happen.
Something completely misses you.
Menkaure mumbles some strange words.
Menkaure seems to speed up.
You closely miss something. Menkaure breathes soot at you.
Menkaure calls on the powers of darkness!
Something is bathed in an unholy light!
Your body is wracked with pain!
* * * LOW HITPOINT WARNING * * *
Your wolf convulses!
Something bites you.
* * * LOW HITPOINT WARNING * * *
😨 HP[-33]
You take 33 damage, and now have 26/67 hp.
MASSIVE DAMAGE!! (PAUSE)
You swap places.
Your wolf bites something.
Something barely misses your wolf.
Your wolf bites something!
Reactivating autopickup.
You feel a bit more experienced.
You see here a book of Spatial Translocations.
Unknown command.
Your wolf bites Menkaure!
Menkaure hits your wolf!!
Your wolf dies!
Your wolf's corpse disappears in a puff of smoke! 😨 HP[+1]
You make a move on Xom's chessboard...
Menkaure is unaffected.
You make a move on Xom's chessboard...
Menkaure flickers and vanishes!
Deactivating autopickup; reactivate with Ctrl-A.
Something tries to affect you, but you resist.
Okay, then.
It was a potion of mutation.
You feel extremely strange.
You lose the ability to read scrolls when threatened.
You feel less energetic.
Xom thinks this is hilarious! 😨 MP[-1]
You feel much better.
Something hits you but does no damage. 😕 HP[+24]
You regained 24 hp, and now have 51/67 hp.
Okay, then.
Okay, then.
As you read the scroll labelled UDURAP OLENA, it crumbles to dust.
Your body is wracked with pain!
You feel threatened and lose the ability to read scrolls!
* * * LOW HITPOINT WARNING * * *
It was a scroll of torment.
Something hits you.
* * * LOW HITPOINT WARNING * * *
Something hits you!
* * * LOW HITPOINT WARNING * * *
😱 HP[-43]
You take 43 damage, and now have 8/67 hp.
MASSIVE DAMAGE!! (PAUSE) Unknown command.
You cannot read scrolls in your current state!
Unknown command.
You cannot read scrolls in your current state!
Okay, then.
Okay, then.
Something hits you!!
You die...
Xom cackles wildly!

Skill      XL: |  1  2  3  4  5  6  7  8 |
---------------+-------------------------+-----
Invocations    | 1 2 3 |  3.4
Long Blades    | 1 2 3 |  3.1
Axes           | 1 2 3 |  3.1
Maces & Flails | 1 2 3 |  3.1
Polearms       | 1 2 3 |  3.1
Staves         | 1 2 3 |  3.1
Slings         | 1 2 3 |  3.1
Bows           | 1 2 3 |  3.1
Crossbows      | 1 2 3 |  3.1
Throwing       | 1 2 3 |  3.1
Stealth        | 1 2 3 |  3.1
Shields        | 1 2 3 |  3.1
Unarmed Combat | 1 2 3 |  3.1
Spellcasting   | 1 2 3 |  3.1
Evocations     | 1 2 3 |  3.1
Conjurations   | 1 2 |  2.5
Hexes          | 1 2 |  2.5
Summonings     | 1 2 |  2.5
Necromancy     | 1 2 |  2.5
Translocations | 1 2 |  2.5
Transmutations | 1 2 |  2.5
Fire Magic     | 1 2 |  2.5
Ice Magic      | 1 2 |  2.5
Air Magic      | 1 2 |  2.5
Earth Magic    | 1 2 |  2.5
Poison Magic   | 1 2 |  2.5
Dodging        | 3 4 |  4.1
Armour         | 5 |  5.6
Fighting       | 7 |  7.3
Short Blades   | 7 |  7.3

Action                   |  1- 3 |  4- 6 |  7- 9 || total
-------------------------+-------+-------+-------++-------
Melee: Short sword       |    91 |    56 |       ||   147
       Bite              |     9 |     8 |     4 ||    21
       Punch             |     1 |     1 |       ||     2
       Quarterstaff      |       |    78 |    25 ||   103
Throw: Stone             |       |    46 |       ||    46
Evoke: Piece from Xom's  |       |     7 |     2 ||     9
       Wand              |       |     1 |       ||     1
  Use: Potion            |       |     6 |     2 ||     8
       Scroll            |       |     7 |     1 ||     8
 Stab: Sleeping          |       |     2 |       ||     2
       Paralysed         |       |     1 |       ||     1
       Petrified         |       |     2 |       ||     2
Armor: Leather armour    |    29 |    38 |    10 ||    77
       Skin              |       |    11 |       ||    11
Dodge: Dodged            |    50 |    78 |    14 ||   142

Levels and vault maps discovered:
D:1:      saegor_arrival_miasma, layout_loops_ring, serial_bayou,
          serial_bayou_lagoon_a, serial_bayou_ford_a, serial_bayou_pond_e,
          serial_bayou_pond_c, shapermc_ecumenical_altar_ellora
D:2:      layout_loops_ring, minmay_misc_feat_doors, uniq_crazy_yiuf_cottage,
          uniq_jessica
D:3:      layout_loops_corners, vehumet_statue, lemuel_round_altar
D:4:      layout_cave_pools, kennysheep_mini_moat, kennysheep_little_box,
          minmay_temple_entry_statues_fountains, serial_shops, shop,
          minmay_joined_circles, uniq_robin, uniq_pikel, uniq_duvessa,
          uniq_menkaure

Notes
Turn   | Place    | Note
-------+----------+-------------------------------------------
     0 | D:1      | spaghetti the Gnoll Chaos Knight began the quest for the
                  | Orb.
     0 | D:1      | Reached XP level 1. HP: 23/23 MP: 1/1
     0 | D:1      | magus.rc [v1.9.6]
   108 | D:1      | Reached XP level 2. HP: 28/29 MP: 2/2
   541 | D:1      | Reached XP level 3. HP: 35/35 MP: 3/3
   605 | D:1      | XOM: noise
   610 | D:1      | Found a faded altar of an unknown god.
   950 | D:1      | XOM: stat loss: -1 Str (10/11)
  1024 | D:2      | Reached skill level 1 in Invocations
  1060 | D:2      | Noticed Jessica
  1069 | D:2      | Killed Jessica
  1070 | D:2      | Reached skill level 1 in Long Blades
  1070 | D:2      | Reached skill level 1 in Axes
  1070 | D:2      | Reached skill level 1 in Maces & Flails
  1070 | D:2      | Reached skill level 1 in Polearms
  1070 | D:2      | Reached skill level 1 in Staves
  1070 | D:2      | Reached skill level 1 in Slings
  1070 | D:2      | Reached skill level 1 in Bows
  1070 | D:2      | Reached skill level 1 in Crossbows
  1070 | D:2      | Reached skill level 1 in Throwing
  1070 | D:2      | Reached skill level 1 in Stealth
  1070 | D:2      | Reached skill level 1 in Shields
  1070 | D:2      | Reached skill level 1 in Unarmed Combat
  1070 | D:2      | Reached skill level 1 in Spellcasting
  1070 | D:2      | Reached skill level 1 in Evocations
  1070 | D:2      | Reached XP level 4. HP: 40/41 MP: 5/5
  1076 | D:2      | XOM: stat loss: -1 Dex (10/11)
  1195 | D:2      | XOM: snakes to sticks
  1493 | D:2      | Reached skill level 1 in Conjurations
  1493 | D:2      | Reached skill level 1 in Hexes
  1493 | D:2      | Reached skill level 1 in Summonings
  1493 | D:2      | Reached skill level 1 in Necromancy
  1493 | D:2      | Reached skill level 1 in Translocations
  1493 | D:2      | Reached skill level 1 in Transmutations
  1493 | D:2      | Reached skill level 1 in Fire Magic
  1493 | D:2      | Reached skill level 1 in Ice Magic
  1493 | D:2      | Reached skill level 1 in Air Magic
  1493 | D:2      | Reached skill level 1 in Earth Magic
  1493 | D:2      | Reached skill level 1 in Poison Magic
  1587 | D:2      | You pick up a book of Flames and begin reading...
  1587 | D:2      | You add the spells Foxfire, Conjure Flame, Inner Flame and
                  | Flame Wave to your library.
  1733 | D:2      | You pick up a book of Debilitation and begin reading...
  1733 | D:2      | You add the spells Slow, Vampiric Draining and Confusing
                  | Touch to your library.
  1736 | D:2      | Learned a level 1 spell: Foxfire
  1740 | D:2      | Learned a level 3 spell: Inner Flame
  1898 | D:2      | Found a runed translucent door.
  1899 | D:2      | Noticed Crazy Yiuf
  2013 | D:2      | XOM: cast spell 'Summon Small Mammal'
  2019 | D:2      | HP: 9/41 [Crazy Yiuf/+4 quarterstaff of chaos (9)]
  2021 | D:2      | HP: 4/41 [poisoned by Crazy Yiuf]
  2022 | D:2      | Killed Crazy Yiuf
  2023 | D:2      | Reached XP level 5. HP: 30/47 MP: 5/7
  2476 | D:3      | Reached skill level 3 in Dodging
  2484 | D:3      | XOM: 1-stop teleportation journey
  2517 | D:3      | XOM: god gift: 2 silver boomerangs
  3030 | D:3      | Found a radiant altar of Vehumet.
  3030 | D:3      | Noticed a frost-covered statue
  3138 | D:3      | Found a snail-covered altar of Cheibriados.
  3287 | D:4      | Reached skill level 2 in Invocations
  3287 | D:4      | Reached XP level 6. HP: 48/53 MP: 8/8
  3525 | D:4      | Noticed Duvessa
  3526 | D:4      | Noticed Dowan
  3528 | D:4      | Noticed Pikel
  3530 | D:4      | Killed Duvessa
  3531 | D:4      | Reached skill level 2 in Long Blades
  3531 | D:4      | Reached skill level 2 in Axes
  3531 | D:4      | Reached skill level 2 in Maces & Flails
  3531 | D:4      | Reached skill level 2 in Polearms
  3531 | D:4      | Reached skill level 2 in Staves
  3531 | D:4      | Reached skill level 2 in Slings
  3531 | D:4      | Reached skill level 2 in Bows
  3531 | D:4      | Reached skill level 2 in Crossbows
  3531 | D:4      | Reached skill level 2 in Throwing
  3531 | D:4      | Reached skill level 5 in Armour
  3531 | D:4      | Reached skill level 2 in Stealth
  3531 | D:4      | Reached skill level 2 in Shields
  3531 | D:4      | Reached skill level 2 in Unarmed Combat
  3531 | D:4      | Reached skill level 2 in Spellcasting
  3531 | D:4      | Reached skill level 2 in Evocations
  3539 | D:4      | XOM: cast spell 'Call Canine Familiar'
  3544 | D:4      | Noticed Robin
  3551 | D:4      | Killed Pikel
  3552 | D:4      | Reached skill level 7 in Fighting
  3552 | D:4      | Reached skill level 7 in Short Blades
  3552 | D:4      | Reached skill level 2 in Conjurations
  3552 | D:4      | Reached skill level 2 in Hexes
  3552 | D:4      | Reached skill level 2 in Summonings
  3552 | D:4      | Reached skill level 2 in Necromancy
  3552 | D:4      | Reached skill level 2 in Translocations
  3552 | D:4      | Reached skill level 2 in Transmutations
  3552 | D:4      | Reached skill level 2 in Fire Magic
  3552 | D:4      | Reached skill level 2 in Ice Magic
  3552 | D:4      | Reached skill level 2 in Air Magic
  3552 | D:4      | Reached skill level 2 in Earth Magic
  3552 | D:4      | Reached skill level 2 in Poison Magic
  3552 | D:4      | Reached skill level 3 in Invocations
  3552 | D:4      | Reached XP level 7. HP: 60/60 MP: 9/11
  3552 | D:4      | Reached XP level 8. HP: 67/67 MP: 9/12
  3556 | D:4      | Killed Robin
  3561 | D:4      | Killed Dowan
  3562 | D:4      | Reached skill level 4 in Dodging
  3573 | D:4      | Reached skill level 3 in Long Blades
  3573 | D:4      | Reached skill level 3 in Axes
  3573 | D:4      | Reached skill level 3 in Maces & Flails
  3573 | D:4      | Reached skill level 3 in Polearms
  3573 | D:4      | Reached skill level 3 in Staves
  3573 | D:4      | Reached skill level 3 in Slings
  3573 | D:4      | Reached skill level 3 in Bows
  3573 | D:4      | Reached skill level 3 in Crossbows
  3573 | D:4      | Reached skill level 3 in Throwing
  3573 | D:4      | Reached skill level 3 in Stealth
  3573 | D:4      | Reached skill level 3 in Shields
  3573 | D:4      | Reached skill level 3 in Unarmed Combat
  3573 | D:4      | Reached skill level 3 in Spellcasting
  3573 | D:4      | Reached skill level 3 in Evocations
  3692 | D:4      | Noticed Menkaure
  3732 | D:4      | Gained mutation: You sometimes lose the ability to read
                  | scrolls when taking damage. [potion of mutation]
  3732 | D:4      | Gained mutation: Your magical capacity is low. (-10% MP)
                  | [potion of mutation]
  3734 | D:4      | HP: 8/67 [something (16)]
  3735 | D:4      | Mangled by Menkaure

Vanquished Creatures
  Duvessa (D:4)
  A phantom (D:4)
  A howler monkey (D:4)
  A jelly (D:4)
  2 iguanas (D:4)
  Jessica (D:2)
  An orc wizard (D:3)
  4 adders
  A worm (D:4)
  4 dart slugs
  6 orcs (D:3)
  5 ball pythons
  7 bats
  7 endoplasms
  2 giant cockroaches
  8 goblins
  15 hobgoblins
  5 kobolds
  3 quokkas
  4 frilled lizards
  5 rats
84 creatures vanquished.

Vanquished Creatures (collateral kills)
  Pikel (D:4)
  Dowan (D:4)
  Crazy Yiuf (D:2)
  Robin (D:4)
  An ufetubus (D:4)
  A worm (D:4)
  A hobgoblin (D:4)
  2 goblins (D:4)
9 creatures vanquished.

Vanquished Creatures (others)
  6 plants (D:1)
6 creatures vanquished.

Grand Total: 99 creatures vanquished

Table legend:
 A = Non-vault XP
 B = Vault XP
 C = Vault XP percentage of total XP
 D = Non-vault monster count
 E = Vault monster count
 F = Vault count percentage of total count
                 A         B        C        D         E       F
            +---------+---------+-------+---------+---------+-------
      Total |     398 |    1092 |  73.3 |      72 |      21 |  22.6
            +---------+---------+-------+---------+---------+-------
        D:1 |      42 |       0 |   0.0 |      25 |       0 |   0.0
        D:2 |      73 |      77 |  51.3 |      20 |       2 |   9.1
        D:3 |      73 |       0 |   0.0 |      17 |       0 |   0.0
        D:4 |     210 |    1015 |  82.9 |      10 |      19 |  65.5
            +---------+---------+-------+---------+---------+-------

Illustrated notes

Table legend:
 A = Kills in this place as a percentage of kills in entire the game.
 B = Kills by you in this place as a percentage of kills by you in the entire game.
 C = Kills by friends in this place as a percentage of kills by friends in the entire game.
 D = Other kills in this place as a percentage of other kills in the entire game.
 E = Experience gained in this place as a percentage of experience gained in the entire game.
 F = Experience gained in this place divided by the number of levels of this place that you have seen.
                   A       B       C       D       E      F
               +-------+-------+-------+-------+-------+----------------------
         Total | 100.0 | 100.0 | 100.0 |   N/A | 100.0 | 372.5
       Dungeon | 100.0 | 100.0 | 100.0 |   N/A | 100.0 | 372.5
               +-------+-------+-------+-------+-------+----------------------

Table legend: (Time is in decaauts)
 A = Elapsed time spent in this place.
 B = Non-inter-level travel time spent in this place.
 C = Inter-level travel time spent in this place.
 D = Time resting spent in this place.
 E = Time spent auto-exploring this place.
 F = Levels seen in this place.
 G = Mean time per level.
                   A        B        C        D        E       F      G
               +--------+--------+--------+--------+--------+-----+--------+
         Total |   3746 |   3639 |    107 |    352 |   2618 |   4 |  936.5 |
       Dungeon |   3746 |   3639 |    107 |    352 |   2618 |   4 |  936.5 |
               +--------+--------+--------+--------+--------+-----+--------+

Top non-repeatable levels by time:
     D:2: 1297 daAuts
     D:1: 992 daAuts
     D:3: 962 daAuts
     D:4: 494 daAuts
